 Dungeon Crawl Stone Soup version 0.24.0-123-gd5b16e6ec5 (webtiles) character file.

Game seed: 13063280465074081620, levelgen mode: deterministic

38698 vurker the Zephyrmancer (level 13, -9/61 HPs)
             Began as a Felid Air Elementalist on Feb 1, 2020.
             Was an Elder of Vehumet.
             Shot with an arrow by a centaur (10 damage)
             ... led by a centaur warrior
             ... on level 14 of the Dungeon.
             The game lasted 01:25:39 (55683 turns).

vurker the Zephyrmancer (Felid Air Elementalist)   Turns: 55683, Time: 01:25:40

Health: -9/61      AC: 11    Str:  4    XL:     13   Next: 65%
Magic:  6/30       EV: 26    Int: 24    God:    Vehumet [****..]
Gold:   1560       SH:  0    Dex: 18    Spells: 15/37 levels left
                                        Lives:  0   Deaths: 3

rFire    . . .     SeeInvis +   (weapon unavailable)
rCold    + . .     Gourm    .   (shield unavailable)
rNeg     . . .     Faith    .   (armour unavailable)
rPois    .         Spirit   .   (helmet unavailable)
rElec    .         Reflect  .   (cloak unavailable)
rCorr    .         Harm     .   (gloves unavailable)
MR       +....                  (boots unavailable)
Stlth    +++.......             C - amulet of regeneration
HPRegen  0.60/turn              q - ring of Robustness {AC+8}
MPRegen  0.22/turn              K - +4 ring of intelligence

@: quick
A: very small, no armour, no weapons or thrown items, stealth, claws 1, fangs 3,
see invisible, carnivore, speed 1, shaggy fur 3, slow metabolism 1, sharp paws
a: Renounce Religion


You were on level 14 of the Dungeon.
You worshipped Vehumet.
Vehumet was greatly pleased with you.
You were very full.

You visited 4 branches of the dungeon, and saw 23 of its levels.

You collected 2022 gold pieces.
You spent 462 gold pieces at shops.

Inventory:

Jewellery
 l - an uncursed ring of resist corrosion
   (You found it on level 5 of the Dungeon)
 p - an uncursed ring of protection from fire
   (You found it on level 5 of the Dungeon)
 q - the ring of Robustness (left paw) {AC+8}
   (You took it off a gnoll sergeant on level 9 of the Dungeon)

   [ring of protection]

   It affects your AC (+8).
 r - an uncursed ring of stealth
   (You found it on level 5 of the Dungeon)
 s - an uncursed ring of protection from cold
   (You found it on level 9 of the Dungeon)
 C - an amulet of regeneration (around neck)
   (You found it on level 11 of the Dungeon)
 K - a +4 ring of intelligence (right paw)
   (You found it on level 6 of the Lair of Beasts)
Wands
 m - a wand of enslavement (14)
   (You took it off a hobgoblin on level 3 of the Dungeon)
 t - a wand of flame (13)
   (You found it on level 6 of the Lair of Beasts)
 u - a wand of paralysis (10)
   (You found it on level 7 of the Dungeon)
 v - a wand of digging (6)
   (You found it on level 6 of the Lair of Beasts)
Scrolls
 a - 7 scrolls of remove curse
 b - 4 scrolls of fear
 h - 6 scrolls of amnesia
 k - 2 scrolls of identify
 y - a scroll of fog
 z - 8 scrolls of teleportation
 A - 2 scrolls of immolation
 H - a scroll of summoning
Potions
 d - a potion of haste
 f - 2 potions of mutation
 g - 3 potions of lignification
 i - 4 potions of invisibility
 j - 7 potions of might
 n - 4 potions of ambrosia
 o - a potion of magic
 x - 2 potions of flight
 B - 3 potions of agility
 D - 2 potions of brilliance
 F - 2 potions of cancellation
 G - 8 potions of curing
 I - a potion of resistance
Miscellaneous
 c - a phial of floods
   (You bought it in a shop on level 2 of the Orcish Mines)
 w - a fan of gales
   (You found it on level 11 of the Dungeon)
Comestibles
 e - 31 rations


   Skills:
 + Level 9.8 Fighting
 - Level 10.0 Dodging
 - Level 2.6 Stealth
 * Level 12.7 Spellcasting
 * Level 12.4 Conjurations
 + Level 3.5 Transmutations
 * Level 12.7 Air Magic
 + Level 2.8 Earth Magic
 + Level 9.6 Evocations


You had 15 spell levels left.
You knew the following spells:

 Your Spells              Type           Power        Failure   Level  Hunger
a - Orb of Destruction    Conj           ######....   5%          7    ######.
b - Lightning Bolt        Conj/Air       ######....   1%          5    ###....
c - Airstrike             Air            ######....   1%          4    None
q - Statue Form           Tmut/Erth      ####.....    86%         6    #####..

Your spell library contained the following spells:

 Spells                   Type           Power        Failure   Level  Hunger
 Bolt of Draining         Conj/Necr      #####.....   2%          5    ###....
 Shock                    Conj/Air       ####         0%          1    None
 Beastly Appendage        Tmut           ####..       1%          1    None
 Poisonous Vapours        Pois/Air       #####.       1%          2    None
 Sticks to Snakes         Tmut           ####....     1%          2    None
 Swiftness                Chrm/Air       #####...     1%          2    None
 Conjure Flame            Conj/Fire      #####...     1%          3    None
 Dazzling Spray           Conj/Hex       #####.       1%          3    None
 Mephitic Cloud           Conj/Pois/Air  ######..     1%          3    None
 Static Discharge         Conj/Air       ######..     1%          3    None
 Force Lance              Conj/Tloc      #####...     1%          4    None
 Irradiate                Conj/Tmut      ######....   1%          5    ###....
 Iskenderun's Battlesphe  Conj/Chrm      #####...     2%          5    ###....
 Venom Bolt               Conj/Pois      #####.....   2%          5    ###....
 Animate Skeleton         Necr           N/A          4%          1    None
 Apportation              Tloc           ###...       4%          1    None
 Confusing Touch          Hex            ###...       4%          1    None
 Corona                   Hex            ###....      4%          1    None
 Summon Small Mammal      Summ           ###.         4%          1    None
 Bolt of Magma            Conj/Fire/Erth #####.....   4%          5    ###....
 Freezing Cloud           Conj/Ice/Air   ######....   5%          6    #####..
 Ensorcelled Hibernation  Hex/Ice        ###...       6%          2    None
 Spider Form              Tmut/Pois      ###.......   6%          3    None
 Iron Shot                Conj/Erth      ######....   7%          6    #####..
 Silence                  Hex/Air        #####.....   9%          5    ###....
 Petrify                  Tmut/Erth      ####....     11%         4    None
 Confuse                  Hex            ###.....     12%         3    None
 Gell's Gravitas          Tloc           ###.......   12%         3    None
 Tukima's Dance           Hex            ###.....     12%         3    None
 Yara's Violent Unravell  Hex/Tmut       ###.......   14%         5    ###....
 Ice Form                 Ice/Tmut       ###.....     19%         4    None
 Blade Hands              Tmut           ####......   26%         5    ###....
 Borgnjor's Vile Clutch   Necr/Erth      ###.......   52%         5    ###....
 Spellforged Servitor     Conj/Summ      #####.....   52%         7    ######.
 Metabolic Englaciation   Hex/Ice        ###.......   73%         5    ###....
 Hydra Form               Tmut           ####......   82%         6    #####..
 Darkness                 Hex            ###.......   99%         6    #####..
 Dispersal                Tloc           ###.......   99%         6    #####..
 Shadow Creatures         Summ           N/A          99%         6    #####..
 Dragon Form              Tmut           ####......   100%        7    ######.
 Ring of Flames           Chrm/Fire      ###.......   100%        7    ######.
 Controlled Blink         Tloc           N/A          100%        8    #######
 Disjunction              Tloc           ###.......   100%        8    #######
 Portal Projectile        Hex/Tloc       Unusable     N/A         3    N/A

Dungeon Overview and Level Annotations

Branches:
Dungeon (14/15)            Temple (1/1) D:4            Lair (6/6) D:11
  Swamp (0/4) Lair:3       Spider (0/4) Lair:4        Slime (0/5) Lair:5
    Orc (2/2) D:10            Elf (0/3) Orc:2
 Vaults: D:13-14

Altars:
Ashenzari
Cheibriados
Dithmenos
Elyvilon
Fedhas
Gozag
Hepliaklqana
Kikubaaqudgha
Makhleb
Okawaru
Qazlal
Ru
Sif Muna
Trog
Uskayaw
Vehumet
Xom
Yredelemnul
Zin
The Shining One
Beogh
Jiyva

Shops:
D:10 *   D:13 [   Orc:2 *:(*

Annotations:
D:12 2 transporters, Valus's ghost, journeyman GnNe
Lair:1 3 runed translucent doors, Poschase's ghost, journeyman DsAs


Innate Abilities, Weirdness & Mutations

You cannot wear armour.
You are incapable of wielding weapons or throwing items.
Your paws allow you to move quietly. (Stealth)
You have sharp claws.
You have razor-sharp teeth.
You have supernaturally acute eyesight. (SInv)
You are carnivorous and can eat meat at any time.
You cover ground quickly.
Your thick and shaggy fur keeps you warm. (AC +3, rC+)
You have a slow metabolism.
Your sharp claws are effective at attacking unaware monsters.


Message History

The arrow completely misses you.
You close the door.
You see here 3 arrows.
Something unseen opens the door.
The centaur shoots an arrow.
The arrow completely misses you.
The centaur shoots an arrow.
The arrow barely misses you.
The centaur warrior shoots an arrow.
The arrow barely misses you.
You see here 2 arrows.
The centaur warrior shoots an arrow.
The arrow hits you!!
You see here an arrow.
Aim: a centaur warrior, wielding a +0 shortbow The air twists around and strikes the centaur warrior.
The centaur warrior shoots an arrow.
The arrow hits you.
Aim: a centaur warrior, wielding a +0 shortbow (lightly wounded)
The air twists around and strikes the centaur warrior!
The centaur warrior shoots an arrow.
The arrow hits you.
The centaur warrior shoots an arrow.
The arrow misses you.
You see here an arrow.
Aim: a centaur warrior, wielding a +0 shortbow (moderately wounded)
Your orb of destruction hits a rock wall.
The centaur warrior shoots an arrow.
The arrow closely misses you.
The centaur warrior shoots an arrow.
The arrow hits you but does no damage.
You see here an arrow.
Aim: a centaur warrior, wielding a +0 shortbow (moderately wounded)
The centaur warrior shoots an arrow.
The arrow hits you!!
* * * LOW HITPOINT WARNING * * *
The orb of destruction hits the centaur warrior!!!
You blow up the centaur warrior!
Vehumet accepts your kill.
You feel your power returning.
Aim: a centaur, wielding a +0 shortbow The air twists around and strikes the centaur!
The centaur shoots an arrow.
The arrow hits you!
* * * LOW HITPOINT WARNING * * *
You don't have enough magic to cast that spell.
Aim: a centaur, wielding a +0 shortbow (heavily wounded)
The puff of flame hits the centaur!
You kill the centaur!
Vehumet accepts your kill.
You feel your power returning.
The centaur shoots an arrow.
The arrow misses you.
Aim: a centaur, wielding a -1 shortbow The puff of flame hits the centaur.
The centaur shoots an arrow.
The arrow closely misses you.
Aim: a centaur, wielding a -1 shortbow (moderately wounded)
The puff of flame hits the centaur!
The centaur shoots an arrow.
The arrow hits you!
* * * LOW HITPOINT WARNING * * *
The centaur shoots an arrow.
The arrow hits you!
You die...

.# ############# ## #######
......# ......# # ......# ..
......# ...
......#################### ....
......'.........@(.(.°)c.## .c...
......##################(c#..c...
..>...# ##('c.cc.. ......#
###c..... ......# ..... #######
####


You could see a centaur.

Vanquished Creatures
  Jorgrun (D:10)
  Gastronok (D:10)
  3 orc warlords (Orc:2)
  An ettin (D:10)
  A yaktaur captain (D:9)
  Fannar (D:10)
  8 hydras
  A catoblepas (D:13)
  3 two-headed ogres
  A death knight (D:14)
  4 centaur warriors
  2 tengu warriors (D:12)
  4 orc high priests (Orc:2)
  Sonja (D:10)
  Nergalle (D:11)
  A skeletal warrior (D:14)
  2 unseen horrors
  4 orc knights
  Pikel (D:6)
  3 orc sorcerers (Orc:2)
  2 manticores
  A cyclops (D:11)
  3 ugly things
  A guardian serpent (D:12)
  5 elephants
  4 black mambas
  A torpor snail (Lair:6)
  2 gargoyles
  2 centaur skeletons (D:13)
  9 rime drakes
  24 spiny frogs
  5 komodo dragons
  2 freezing wraiths (D:14)
  An efreet (D:9)
  3 polar bears (Lair:5)
  7 trolls
  A hornet (D:11)
  2 jumping spiders (Lair:4)
  4 tyrant leeches (Lair:6)
  16 dream sheep
  26 blink frogs
  13 hippogriffs
  Sigmund (D:3)
  A wraith (D:14)
  5 redbacks (Lair:4)
  A shadow (D:13)
  3 basilisks
  5 wyverns
  55 yaks
  2 hogs (D:7)
  A human (D:7)
  17 vampire mosquitoes
  2 hungry ghosts
  6 wargs
  An acid dragon (D:14)
  7 water moccasins
  8 porcupines
  32 orc warriors
  5 sky beasts
  2 eyes of draining
  2 phantoms
  2 ice beasts
  3 necrophages
  2 slaves (D:6)
  3 black bears
  9 wolves
  18 ogres
  11 centaurs
  7 crocodiles
  4 big kobolds
  27 bullfrogs
  2 gnoll sergeants
  Blork the orc (D:6)
  2 wyvern zombies
  3 scorpions
  6 killer bees (D:10)
  An electric eel (Lair:6)
  6 wights (D:10)
  A howler monkey (D:6)
  6 crimson imps
  3 quasits
  A bullfrog zombie (D:6)
  A gnoll shaman (D:6)
  32 orc priests
  5 hounds
  3 jellies
  26 orc wizards
  3 bullfrog skeletons
  8 iguanas
  12 worker ants
  A hound skeleton (D:7)
  A worker ant zombie (D:10)
  19 gnolls
  14 adders
  2 shadow imps
  An ooze (D:7)
  An adder skeleton (D:6)
  2 worms
  3 dart slugs
  5 leopard geckos
  99 orcs
  8 giant cockroaches
  8 goblins
  5 hobgoblins
  13 jackals
  5 quokkas
  4 ball pythons
  2 bats
  2 frilled lizards
  8 kobolds
  A quokka skeleton (D:7)
  8 rats
  A plant (D:11)
755 creatures vanquished.

Vanquished Creatures (collateral kills)
  Snorg (D:13)
  A yak (D:9)
2 creatures vanquished.

Vanquished Creatures (others)
  2 slaves (D:6)
  An ogre (D:6)
  3 gnolls (D:6)
  23 fungi
  57 plants
86 creatures vanquished.

Grand Total: 843 creatures vanquished

Notes
Turn   | Place    | Note
-------+----------+-------------------------------------------
     0 | D:1      | vurker the Felid Air Elementalist began the quest for the
                  | Orb.
     0 | D:1      | Reached XP level 1. HP: 7/7 MP: 4/4
   215 | D:1      | Reached skill level 1 in Conjurations
   483 | D:1      | Reached XP level 2. HP: 11/11 MP: 1/6
  1080 | D:2      | Found an ancient bone altar of Kikubaaqudgha.
  1298 | D:2      | Reached XP level 3. HP: 13/15 MP: 0/7
  2460 | D:3      | Reached skill level 1 in Fighting
  2460 | D:3      | Reached XP level 4. HP: 9/19 MP: 0/9
  2694 | D:3      | Noticed Sigmund
  2723 | D:3      | Killed Sigmund
  2723 | D:3      | Reached XP level 5. HP: 10/22 MP: 0/11
  2927 | D:3      | Found a shimmering altar of Xom.
  2961 | D:3      | Gained mutation: You are covered in thick fur. (AC +2)
                  | [Felid growth]
  2961 | D:3      | Reached XP level 6. HP: 26/26 MP: 0/12
  3605 | D:3      | Found an iron altar of Okawaru.
  3804 | D:3      | Learned a level 5 spell: Lightning Bolt
  3809 | D:3      | Learned a level 4 spell: Airstrike
  4048 | D:4      | Found a staircase to the Ecumenical Temple.
  4078 | Temple   | Entered the Ecumenical Temple
  4418 | Temple   | Became a worshipper of Vehumet
  4808 | D:4      | Found a shadowy altar of Dithmenos.
  4847 | D:4      | Reached XP level 7. HP: 30/30 MP: 9/14
  5109 | D:5      | Entered Level 5 of the Dungeon
  5909 | D:5      | Found a white marble altar of Elyvilon.
  6210 | D:5      | Reached skill level 5 in Air Magic
  6309 | D:5      | Reached XP level 8. HP: 25/34 MP: 0/16
  6386 | D:5      | Reached skill level 5 in Spellcasting
  7073 | D:6      | Reached skill level 5 in Conjurations
  7080 | D:6      | Reached * piety under Vehumet
  7080 | D:6      | Offered knowledge of Flame Tongue by Vehumet.
  7453 | D:6      | You fall into a shaft and drop 1 floor!
  7600 | D:7      | Noticed a hippogriff
  7605 | D:7      | Killed a hippogriff
  7605 | D:7      | Reached skill level 1 in Evocations
  7838 | D:7      | Noticed a hippogriff
  7842 | D:7      | Killed a hippogriff
  7842 | D:7      | Reached XP level 9. HP: 39/39 MP: 3/19
  8075 | D:6      | Noticed Pikel
  8084 | D:6      | Killed Pikel
  8958 | D:6      | Noticed Blork the orc
  8961 | D:6      | Killed Blork the orc
  8961 | D:6      | Offered knowledge of Freeze by Vehumet.
  8986 | D:6      | Reached ** piety under Vehumet
 10005 | D:7      | Noticed a gargoyle
 10008 | D:7      | Killed a gargoyle
 10008 | D:7      | Reached skill level 5 in Fighting
 10339 | D:7      | Reached XP level 10. HP: 7/44 MP: 1/21
 11568 | D:8      | HP: 2/44 [yak (13)]
 11940 | D:8      | Offered knowledge of Conjure Flame by Vehumet.
 12967 | D:9      | Reached *** piety under Vehumet
 13205 | D:9      | Found an opulent altar of Gozag.
 13420 | D:9      | Found a shimmering blue altar of Sif Muna.
 13420 | D:9      | Found a sacrificial altar of Ru.
 13421 | D:9      | Found a shimmering altar of Xom.
 13739 | D:9      | Offered knowledge of Mephitic Cloud by Vehumet.
 13954 | D:9      | Found a hide-covered altar of Uskayaw.
 13954 | D:9      | Noticed a centaur warrior
 13956 | D:9      | Noticed a yaktaur captain
 13962 | D:9      | Killed a centaur warrior
 13964 | D:9      | Killed a yaktaur captain
 14210 | D:9      | Found a hide-covered altar of Uskayaw.
 14240 | D:9      | Reached XP level 11. HP: 21/48 MP: 14/24
 14881 | D:10     | Entered Level 10 of the Dungeon
 15453 | D:10     | Reached **** piety under Vehumet
 15467 | D:10     | Noticed Fannar
 15598 | D:10     | Reached skill level 5 in Evocations
 15926 | D:10     | Offered knowledge of Fireball by Vehumet.
 15946 | D:10     | Noticed Sonja
 16114 | D:10     | Noticed Gastronok
 16262 | D:10     | Killed Sonja
 16644 | D:10     | Found a staircase to the Orcish Mines.
 17388 | D:10     | Found Weuck's Lightly-Used Armoury.
 17599 | D:10     | You fall into a shaft and drop 1 floor!
 18214 | D:11     | Noticed Nergalle
 18221 | D:11     | Killed Nergalle
 18461 | D:11     | Noticed a red ugly thing
 18467 | D:11     | Killed a red ugly thing
 18705 | D:11     | Found a staircase to the Lair.
 19263 | D:10     | Found Weuck's Lightly-Used Armoury.
 19330 | D:10     | Killed Gastronok
 19330 | D:10     | Reached skill level 5 in Dodging
 19330 | D:10     | Gained mutation: Your thick and shaggy fur keeps you warm.
                  | (AC +3, rC+) [Felid growth]
 19330 | D:10     | Reached XP level 12. HP: 45/54 MP: 9/26
 19436 | D:10     | Killed Fannar
 19636 | D:10     | Found a staircase to the Orcish Mines.
 20052 | Lair:1   | Entered Level 1 of the Lair of Beasts
 20279 | Lair:1   | Found a runed translucent gate.
 20279 | Lair:1   | Found a runed translucent gate.
 20279 | Lair:1   | Found a runed translucent gate.
 20283 | Lair:1   | Noticed Poschase's ghost (journeyman DsAs)
 20285 | Lair:1   | Found a viscous altar of Jiyva.
 20954 | Lair:1   | Reached skill level 10 in Air Magic
 22875 | Lair:3   | Reached skill level 10 in Spellcasting
 23657 | Lair:3   | Found a staircase to the Swamp.
 23748 | Lair:3   | Reached skill level 10 in Conjurations
 25172 | Lair:3   | Found a sacrificial altar of Ru.
 25876 | Lair:4   | Reached XP level 13. HP: 58/58 MP: 9/28
 26675 | Lair:4   | Reached ***** piety under Vehumet
 26869 | Lair:4   | Offered knowledge of Sticky Flame by Vehumet.
 27558 | Lair:4   | Found a hole to the Spider Nest.
 28345 | Lair:5   | Found a staircase to the Slime Pits.
 28345 | Lair:5   | Found a viscous altar of Jiyva.
 30099 | Lair:4   | Found a hole to the Spider Nest.
 31290 | Lair:5   | Found a staircase to the Slime Pits.
 31327 | Lair:5   | Found a viscous altar of Jiyva.
 31599 | Lair:6   | Entered Level 6 of the Lair of Beasts
 32618 | Lair:6   | Mangled by a four-headed hydra
 32619 | Lair:6   | Reached XP level 12. HP: -7/56 MP: 26/28
 33592 | Lair:5   | Reached XP level 13. HP: 59/59 MP: 0/29
 36386 | Lair:5   | HP: 3/60 [dream sheep[a torpor snail] (5)]
 37643 | Lair:6   | Found the +9 staff of Wucad Mu {channel}
 38905 | Lair:5   | Offered knowledge of Iskenderun's Mystic Blast by Vehumet.
 40373 | D:12     | Noticed Valus's ghost (journeyman GnNe)
 40374 | D:12     | Identified the +8 dire flail of Afayxausk {elec, rF++ rC-
                  | Int+3 SInv}
 41226 | D:12     | Found a transporter.
 41226 | D:12     | Found a transporter.
 41334 | D:12     | Learned a level 6 spell: Statue Form
 41389 | Orc:1    | Entered Level 1 of the Orcish Mines
 41393 | Orc:1    | Noticed Jorgrun
 41663 | D:10     | Slain by Jorgrun
 41664 | D:10     | Reached XP level 12. HP: -3/57 MP: 1/28
 41688 | D:10     | Killed Jorgrun
 41688 | D:10     | Reached XP level 13. HP: 60/60 MP: 19/30
 42149 | Orc:1    | Noticed an ettin
 42308 | D:10     | Killed an ettin
 42308 | D:10     | Reached skill level 1 in Transmutations
 42308 | D:10     | Reached skill level 1 in Earth Magic
 42542 | Orc:2    | Entered Level 2 of the Orcish Mines
 43653 | Orc:2    | Found a roughly hewn altar of Beogh.
 43663 | Orc:2    | Offered knowledge of Lee's Rapid Deconstruction by Vehumet.
 43935 | Orc:2    | Found Tohoa's Book Emporium.
 43946 | Orc:2    | Found Beasuwn's General Store.
 44089 | Orc:2    | Noticed an orc warlord
 44142 | Orc:2    | Killed an orc warlord
 44705 | Orc:2    | Noticed an orc warlord
 45106 | Orc:2    | Found the +10 large shield of Ignorance {rN+ Int-4}
 45574 | Orc:2    | Found a staircase to the Elven Halls.
 46070 | Orc:2    | Noticed an orc warlord
 47001 | Orc:2    | HP: 1/60 [orc knight/+0 war axe (16)]
 47664 | Orc:2    | Killed an orc warlord
 48630 | Orc:2    | Found a roughly hewn altar of Beogh.
 48706 | Orc:2    | Found Suetuzei's Weapon Shoppe.
 48827 | Orc:2    | Found Coblyora's Assorted Antiques.
 48835 | Orc:2    | Bought a bubbling black potion for 22 gold pieces
 49408 | Orc:2    | Killed an orc warlord
 49749 | Orc:2    | Found a staircase to the Elven Halls.
 49861 | Orc:2    | Found Coblyora's Assorted Antiques.
 49892 | Orc:2    | Found Suetuzei's Weapon Shoppe.
 49911 | Orc:2    | Found a roughly hewn altar of Beogh.
 50067 | Orc:2    | Found a roughly hewn altar of Beogh.
 50068 | Orc:2    | Found Tohoa's Book Emporium.
 50072 | Orc:2    | Found Beasuwn's General Store.
 50331 | Orc:2    | Bought a phial of floods for 440 gold pieces
 50701 | D:13     | Offered knowledge of Bolt of Draining by Vehumet.
 50934 | D:13     | Reached XP level 14. HP: 40/64 MP: 8/31
 51364 | D:13     | Reached skill level 10 in Dodging
 51592 | D:13     | Noticed Snorg
 51603 | D:13     | Slain by Snorg
 51604 | D:13     | Reached XP level 13. HP: 0/61 MP: 1/30
 51612 | D:13     | Killed Snorg
 52233 | D:13     | Learned a level 7 spell: Orb of Destruction
 52314 | D:13     | Found Nicwuff's Armour Shop.
 53593 | D:13     | Found Nicwuff's Armour Shop.
 55683 | D:14     | HP: 1/61 [centaur/arrow[a centaur warrior] (11)]
 55683 | D:14     | Shot with an arrow by a centaur

Levels and vault maps discovered:
D:1:      mrwooster_arrival_statue_3, layout_basic, minmay_door_square,
          minmay_misc_feat_hallway
D:2:      layout_basic, lemuel_crystal_altar, kennysheep_generic_room_5
D:3:      cheibrodos_helix_gallery, layout_loops_ring,
          kennysheep_okawaru_gauntlet, xom_teletrap_fun, uniq_sigmund
D:4:      layout_basic, grunt_dithmenos_smoke, minmay_temple_entry_waves,
          first_ration
D:5:      layout_cave_pools, elyvilon_altar_1
D:6:      layout_layer_cave, chequers_decorated_corner, minmay_checkerbox,
          uniq_pikel, uniq_blork_the_orc
D:7:      layout_basic, grunt_livestock
D:8:      layout_basic
D:9:      layout_rooms, gammafunk_temple_overflow_claw, lemuel_round_altar,
          jmf_multi_god_temple
D:10:     layout_cave_pools, orc_0_dummy, minmay_shop_damaged, kennysheep_nub,
          uniq_sonja, uniq_fannar, uniq_gastronok
D:11:     layout_long_grid, dpeg_oklobed_lair, uniq_nergalle
D:12:     layout_loops_corners, gammafunk_ghost_smash,
          nrook_guardian_serpent_double
D:13:     layout_long_grid, serial_glass, glass_columns_b, glass_columns_c,
          glass_columns_b, glass_columns_a, glass_columns_b, serial_shops, shop,
          kennysheep_pointless_box, uniq_snorg
D:14:     layout_roguey, hangedman_vaults_entry_quadrant_bands,
          nicolae_trove_entry_free_sample, minmay_holes
Temple:   regret_index_temple_generic_petals
Lair:1:   layout_loops_ring, serial_rivers, chequers_serial_rivers_small_a,
          chequers_serial_rivers_small_3, chequers_serial_rivers_micro_c,
          chequers_serial_rivers_large_a, chequers_serial_rivers_micro_d,
          gammafunk_ghost_ooze
Lair:2:   layout_chaotic_city
Lair:3:   layout_gridlike, minmay_swamp_entry_swarm, lemuel_centaur_altar
Lair:4:   layout_layer_cave, nicolae_spider_entry_tight_spaces,
          minmay_lair_drake_nest
Lair:5:   layout_roguey, slime_altar_1, serial_bayou_shore_b
Lair:6:   minmay_lair_end_frog_pond, layout_small_grid,
          chequers_serial_rivers_small_3
Orc:1:    layout_diamond_mine, uniq_jorgrun
Orc:2:    pubby_orc_utopia, serial_shops

Skill      XL: |  1  2  3  4  5  6  7  8  9 10 11 12 13 14 |
---------------+-------------------------------------------+-----
Conjurations   | 1 2 3 4 5 6 8 9 11 12 | 12.4
Air Magic      | 3 4 5 6 7 8 9 10 12 | 12.7
Fighting       | 1 2 3 4 5 6 7 9 |  9.8
Spellcasting   | 3 4 6 7 8 9 12 11 | 12.7
Evocations     | 1 3 4 6 8 9 |  9.6
Dodging        | 5 8 9 10 | 10.0
Transmutations | 3 |  3.5
Earth Magic    | 2 |  2.8
Stealth        | |  2.6

Action                   |  1- 3 |  4- 6 |  7- 9 | 10-12 | 13-15 || total
-------------------------+-------+-------+-------+-------+-------++-------
Melee: Unarmed           |    54 |       |    26 |   152 |    84 ||   316
       Bite              |     1 |       |     2 |    26 |    10 ||    39
 Cast: Shock             |    78 |   116 |   269 |   182 |    87 ||   732
       Airstrike         |       |       |    34 |   416 |   978 ||  1428
       Lightning Bolt    |       |       |     3 |    53 |    77 ||   133
       Orb of Destructio |       |       |       |       |    12 ||    12
Evoke: Wand              |       |       |     2 |    38 |    41 ||    81
       Box of beasts     |       |       |       |       |     1 ||     1
       Fan of gales      |       |       |       |       |     1 ||     1
       Phial of floods   |       |       |       |       |     1 ||     1
  Use: Scroll            |       |    11 |     4 |     6 |    11 ||    32
       Potion            |       |       |       |     1 |     5 ||     6
 Stab: Paralysed         |       |       |       |       |    37 ||    37
  Eat: Chunk             |     7 |     7 |    18 |    74 |    84 ||   190
       Ration            |       |       |       |     1 |       ||     1
Armor: Skin              |     2 |       |     3 |    43 |    68 ||   116
Dodge: Dodged            |    52 |     8 |    80 |   261 |   526 ||   927
